 Dungeon Crawl Stone Soup version 0.14.2 (webtiles) character file.

357 Amnesiac the Charlatan (level 5, -1/25 HPs)
             Began as a Spriggan Artificer on Feb 4, 2018.
             Killed from afar by Sigmund (11 damage)
             ... with a wand of flame
             ... on Level 2 of the Dungeon.
             The game lasted 00:04:26 (2377 turns).

Amnesiac the Charlatan (Spriggan Artificer)         Turns: 2377, Time: 00:04:26

HP  -1/25        AC  2     Str  7      XL: 5   Next: 97%
MP  16/16        EV 20     Int 14      God:
Gold 94          SH  0     Dex 17      Spells:  0 memorised,  4 levels left

rFire  . . .     SeeInvis +     t - +1 sling
rCold  . . .     Clarity  .     e - +0 robe
rNeg   . . .     Conserve .     (shield restricted)
rPois  .         rCorr    .     (helmet restricted)
rElec  .         rRot     .     (no cloak)
SustAb . .       Spirit   .     (gloves unavailable)
rMut   .         Warding  .     (boots unavailable)
Saprov . . .     Stasis   .     (no amulet)
MR     .....                    (no ring)
                                (no ring)

@: very quick, not resistant to hostile enchantments, fairly stealthy
A: unfitting armour, see invisible, herbivore 3, speed 3, slow metabolism 2
a: no special abilities


You were on level 2 of the Dungeon.
You were not hungry.

You visited 1 branch of the dungeon, and saw 2 of its levels.

You collected 94 gold pieces.

Inventory:

Hand weapons
 a - a +0,+0 short sword
 t - a +1,+1 sling (weapon)
Missiles
 i - 12 darts
 k - 13 steel darts
 o - 6 needles of paralysis
 u - 21 stones (quivered)
 v - 24 sling bullets
Armour
 e - a +0 robe (worn)
Magical devices
 b - a wand of flame (1)
 c - a wand of enslavement (15)
 d - a wand of random effects (0)
 n - a wand of teleportation (2)
Scrolls
 g - 2 scrolls of fear {!r}
 h - a scroll of fog {!r, unknown}
 m - a scroll of teleportation {!r, unknown}
 p - a scroll of identify {!r, unknown}
 q - a scroll of enchant armour {!r, unknown}
 s - a scroll of remove curse {!r, unknown}
Potions
 f - a potion of porridge {!q}
 j - a potion of restore abilities {!q, unknown}
 l - a potion of poison {!q, unknown}
 r - 5 potions of heal wounds {!q, unknown}


   Skills:
 - Level 1.0 Fighting
 - Level 3.0 Short Blades
 + Level 0.5 Slings
 - Level 5.2 Dodging
 - Level 1.5 Stealth
 - Level 7.3 Evocations


You had 4 spell levels left.
You didn't know any spells.

Dungeon Overview and Level Annotations

Branches:
Dungeon (2/15)

Altars:
Yredelemnul

Annotations:
D:2 Sigmund


Innate Abilities, Weirdness & Mutations

You are tiny and cannot use many weapons and most armour.
You have supernaturally acute eyesight.
You are a herbivore.
You cover ground extremely quickly.
You need consume almost no food.


Message History

You shoot a stone. The stone hits the adder.
You kill the adder!
No target in view!
No target in view!
u - 18 stones (gained 5)
You see here an adder corpse.
u - 19 stones (gained 1)
u - 20 stones (gained 1)
u - 21 stones (gained 1)
You now have 94 gold pieces (gained 4).
Sigmund comes into view.
He is wielding a glowing scythe.
Sigmund zaps a wand.
The puff of flame misses you.
Sigmund is nearby!
Sigmund is nearby!
Evoke which item? (* to show all) (? for menu, Esc to quit)
Okay, then.
Evoke which item? (* to show all) (? for menu, Esc to quit)
Zapping:
b - a wand of flame (8)
Press: ? - help, Shift-Dir - straight line, f - Sigmund
Aim: Sigmund, wielding a glowing scythe, wearing a robe and carrying a wand of flame {zapped: 1} The puff of flame hits Sigmund.
Sigmund is moderately wounded.
This wand has 7 charges left.
Evoke which item? (* to show all) (? for menu, Esc to quit)
Zapping:
b - a wand of flame (7)
Press: ? - help, Shift-Dir - straight line, f/p - Sigmund
Aim: Sigmund, wielding a glowing scythe, wearing a robe and carrying a wand of flame {zapped: 1} (moderately wounded)
The puff of flame misses Sigmund.
This wand has 6 charges left.
Evoke which item? (* to show all) (? for menu, Esc to quit)
Zapping:
b - a wand of flame (6)
Press: ? - help, Shift-Dir - straight line, f/p - Sigmund
Aim: Sigmund, wielding a glowing scythe, wearing a robe and carrying a wand of flame {zapped: 1} (moderately wounded)
The puff of flame misses Sigmund.
This wand has 5 charges left.
Sigmund casts a spell at you. The magic dart hits you!
Evoke which item? (* to show all) (? for menu, Esc to quit)
Zapping:
b - a wand of flame (5)
Press: ? - help, Shift-Dir - straight line, f/p - Sigmund
Aim: Sigmund, wielding a glowing scythe, wearing a robe and carrying a wand of flame {zapped: 1} (moderately wounded)
The puff of flame hits Sigmund.
Sigmund is heavily wounded.
This wand has 4 charges left.
Sigmund points at you and mumbles some strange words.
The magic dart hits you!
* * * LOW HITPOINT WARNING * * *
Evoke which item? (* to show all) (? for menu, Esc to quit)
Zapping:
b - a wand of flame (4)
Press: ? - help, Shift-Dir - straight line, f/p - Sigmund
Aim: Sigmund, wielding a glowing scythe, wearing a robe and carrying a wand of flame {zapped: 1} (heavily wounded)
The puff of flame hits Sigmund.
Sigmund is severely wounded.
This wand has 3 charges left.
Evoke which item? (* to show all) (? for menu, Esc to quit)
Zapping:
b - a wand of flame (3)
Press: ? - help, Shift-Dir - straight line, f/p - Sigmund
Aim: Sigmund, wielding a glowing scythe, wearing a robe and carrying a wand of flame {zapped: 1} (severely wounded)
The puff of flame misses Sigmund.
This wand has 2 charges left.
Evoke which item? (* to show all) (? for menu, Esc to quit)
Zapping:
b - a wand of flame (2)
Press: ? - help, Shift-Dir - straight line, f/p - Sigmund
Aim: Sigmund, wielding a glowing scythe, wearing a robe and carrying a wand of flame {zapped: 1} (severely wounded)
The puff of flame misses Sigmund.
This wand has 1 charge left.
Sigmund zaps a wand.
The puff of flame hits you!
You die...

........>........#
#####.#>#.####...#
# ##...## ###.# #
#.### #.#
######.##### #.#
..[.%.#....# #.#
######.###.# #.# #
#.# #. #.#
######.###.#####@#
..........#...@..#
####.#####.#######
.....# #. ######
#. .@ # ##


You could see Sigmund.

Vanquished Creatures
  A human (D:2)
  A scorpion (D:1)
  2 adders (D:2)
  A giant gecko (D:2)
  4 bats
  A giant cockroach (D:2)
  6 hobgoblins
  6 jackals (D:1)
  3 giant newts
  4 goblins
  A jackal skeleton (D:2)
  9 kobolds
  A kobold zombie (D:2)
  A rat (D:2)
41 creatures vanquished.

Notes
Turn   | Place    | Note
--------------------------------------------------------------
     0 | D:1      | Amnesiac, the Spriggan Artificer, began the quest for the Orb.
     0 | D:1      | Reached XP level 1. HP: 9/9 MP: 2/2
   568 | D:1      | Reached XP level 2. HP: 9/14 MP: 5/5
  1381 | D:2      | Noticed Terence
  1390 | D:2      | Reached skill level 1 in Fighting
  1447 | D:1      | Noticed Terence
  1447 | D:1      | Terence changed into Terence the hound
  1529 | D:1      | Noticed Terence
  1529 | D:1      | Terence the hound changed into Terence the scorpion
  1540 | D:1      | Killed Terence the scorpion
  1540 | D:1      | Reached skill level 5 in Evocations
  1540 | D:1      | Reached XP level 3. HP: 10/18 MP: 8/8
  1540 | D:1      | Reached XP level 4. HP: 12/22 MP: 11/11
  1678 | D:2      | Noticed a human
  1686 | D:2      | Found a basalt altar of Yredelemnul.
  1729 | D:2      | Killed a human
  1729 | D:2      | Reached skill level 5 in Dodging
  1729 | D:2      | Reached skill level 7 in Evocations
  1729 | D:2      | Reached XP level 5. HP: 19/25 MP: 13/15
  2365 | D:2      | Noticed Sigmund
  2377 | D:2      | Killed from afar by Sigmund

Action                   |  1- 3 |  4- 6 || total
-------------------------+-------+-------++-------
Melee: Short sword       |   111 |    87 ||   198
 Fire: Sling             |       |     8 ||     8
Evoke: Wand              |    12 |    18 ||    30
  Use: Scroll            |     1 |       ||     1
 Stab: Paralysed         |     1 |       ||     1
       Sleeping          |       |     2 ||     2
